 Dungeon Crawl Stone Soup version 0.28-b1-38-gff268fdeb9 (webtiles) character file.

Game seed: 9480054362205619545

235 Gabide the Grave Robber (level 5, 0/39 HPs)
             Began as a Mummy Necromancer on Feb 3, 2022.
             Was an Initiate of Gozag.
             Engulfed by a steam dragon's steam (10 damage)
             ... on level 4 of the Dungeon.
             The game lasted 00:14:53 (4122 turns).

Gabide the Grave Robber (Mummy Necromancer)         Turns: 4122, Time: 00:14:53

Health: 0/39       AC:  4    Str: 11    XL:     5   Next: 76%
Magic:  11/12      EV: 12    Int: 18    God:    Gozag
Gold:   147        SH:  0    Dex: 17    Spells: 9/14 levels left

rFire   x . .      SeeInvis +   d - +12 falchion of Fear {vorpal, Int+2 Dex+4}
rCold   + . .      Faith    .   (no shield)
rNeg    + + +      Spirit   .   a - +1 robe
rPois   ∞          Reflect  .   c - +0 mask of the Dragon {Will+ Slay+3 SInv}
rElec   .          Harm     .   (no cloak)
rCorr   .          Rampage  .   b - +0 pair of gloves
Will    +....                   (no boots)
Stlth   ++........              (no amulet)
HPRegen 0.13/turn               (no ring)
MPRegen 0.13/turn               (no ring)

@: no status effects
A: cold resistance 1, negative energy resistance 3, torment resistance 2, heat
vulnerability 1, no potions
a: Renounce Religion, Potion Petition, Call Merchant, Bribe Branch


You were on level 4 of the Dungeon.
You worshipped Gozag.
Gozag was aware of your devotion.
You visited 2 branches of the dungeon, and saw 5 of its levels.

You collected 198 gold pieces.
You paid 51 gold pieces to Gozag.

Inventory:

Hand Weapons
 d - the +12 falchion of Fear (weapon) {vorpal, Int+2 Dex+4}
   (You found it on level 4 of the Dungeon)

   It inflicts extra damage upon your enemies.
   Int:       It affects your intelligence (+2).
   Dex:       It affects your dexterity (+4).
Armour
 a - a +1 robe (worn)
 b - a +0 pair of gloves (worn)
 c - the +0 mask of the Dragon (worn) {Will+ Slay+3 SInv}
   (You found it on level 2 of the Dungeon)

   Slay:      It affects your accuracy & damage with ranged weapons and melee
   (+3).
   SInv:      It lets you see invisible.
   Will:      It increases your willpower.
Wands
 f - a wand of iceblast (6)


   Skills:
 * Level 2.5 Fighting
 + Level 1.7 Dodging
 + Level 1.7 Stealth
 * Level 5.0 Spellcasting
 * Level 5.1 Necromancy


You had 9 spell levels left.
You knew the following spells:

 Your Spells              Type           Power      Damage    Failure   Level
a - Pain                  Necr           92%        1d8       1%          1
b - Animate Skeleton      Necr           46%        N/A       1%          1
c - Vampiric Draining     Necr           23%        2d7       4%          3

Your spell library contained the following spells:

 Spells                   Type           Power      Damage    Failure   Level
 Sandblast                Erth           8%         2d5       13%         1
 Animate Dead             Necr           11%        N/A       16%         4
 Passwall                 Tmut/Erth      3%         N/A       21%         2
 Portal Projectile        Hex/Tloc       8%         N/A       36%         3
 Stone Arrow              Conj/Erth      8%         3d7       36%         3
 Agony                    Necr           23%        N/A       41%         5
 Excruciating Wounds      Necr           11%        N/A       41%         5
 Blade Hands              Tmut           Unusable   N/A       N/A         5

Dungeon Overview and Level Annotations

Branches:
Dungeon (4/15)             Temple (1/1) D:4

Altars:
Ashenzari
Cheibriados
Dithmenos
Fedhas
Gozag
Hepliaklqana
Kikubaaqudgha
Makhleb
Nemelex Xobeh
Okawaru
Ru
Sif Muna
Xom
Zin


Innate Abilities, Weirdness & Mutations

You are immune to poison.
Your flesh is cold resistant. (rC+)
You are immune to negative energy. (rN+++)
You are immune to unholy pain and torment.
You are vulnerable to heat. (rF-)
You do not drink.


Message History

You now have 107 gold pieces (gained 4).
You see here a +0 flail.
You now have 113 gold pieces (gained 6).
Things that are here:
a +0 dagger; a +0 robe You now have 127 gold pieces (gained 14).
Found a pair of gloves.
Found a twisted falchion and a spear.
You see here a +0 pair of gloves.
b - a +0 pair of gloves You start putting on your armour.
You continue putting on your +0 pair of gloves. x4
You finish putting on your +0 pair of gloves.
Found a mace.
You see here the +12 falchion of Fear {vorpal, Int+2 Dex+4}.
d - the +12 falchion of Fear {vorpal, Int+2 Dex+4} You feel clever.
You feel agile.
d - the +12 falchion of Fear (weapon)
{vorpal, Int+2 Dex+4} Unknown command.
You see here a +0 mace.
Found a fizzy white potion.
Found a stone staircase leading down.
A quokka comes into view.
The quokka writhes in agony!
You kill the quokka!
You now have 140 gold pieces (gained 13).
You now have 147 gold pieces (gained 7).
A steam dragon and a giant cockroach come into view.
The steam dragon hisses angrily.
The steam dragon writhes in agony.
The steam dragon breathes steam at you. The ball of steam hits you.
The steam scalds you terribly!
You hear an angry growl.
You are engulfed in a cloud of scalding steam.
You are engulfed in a cloud of scalding steam.
* * * LOW HITPOINT WARNING * * *
A scorpion comes into view.
You are engulfed in a cloud of scalding steam.
You die...
Your body crumbles into a pile of gold.

######## #......#
#..!...#
.########......#######.#
.......................>
######.#......##.#####.
#§#########...# #@#
###)# #D# #.# ... #.#
..... #####.### .....B.
#)......#. .........
#.......#. ..........#
#......... .s.........#
#.......## #.......#


You could see a steam dragon (catching breath), a scorpion (wandering) and a
giant cockroach (wandering).

Vanquished Creatures
  A centaur (D:3)
  2 orc wizards (D:4)
  4 adders
  A worm (D:2)
  A dart slug (D:1)
  2 orcs (D:4)
  5 ball pythons
  3 endoplasms
  4 giant cockroaches
  4 goblins
  9 hobgoblins
  6 kobolds
  6 quokkas
  8 bats
  4 frilled lizards
  2 rats
62 creatures vanquished.

Notes
Turn   | Place    | Note
-------+----------+-------------------------------------------
     0 | D:1      | Gabide the Mummy Necromancer began the quest for the Orb.
     0 | D:1      | Reached XP level 1. HP: 13/13 MP: 4/4
   198 | D:1      | Reached XP level 2. HP: 20/20 MP: 4/6
   913 | D:1      | Reached skill level 1 in Fighting
   913 | D:1      | Reached XP level 3. HP: 26/26 MP: 2/8
  1547 | D:2      | Found the +0 mask of the Dragon {Will+ Slay+3 SInv}
  1810 | D:2      | Reached XP level 4. HP: 33/33 MP: 6/10
  1957 | D:2      | Learned a level 1 spell: Animate Skeleton
  1961 | D:2      | Learned a level 3 spell: Vampiric Draining
  2767 | D:3      | Found a sparkling altar of Nemelex Xobeh.
  2935 | D:3      | Found a faded altar of an unknown god.
  3135 | D:3      | Noticed a centaur
  3251 | D:3      | Killed a centaur
  3252 | D:3      | Reached XP level 5. HP: 21/38 MP: 0/12
  3510 | D:4      | Found a staircase to the Ecumenical Temple.
  3536 | Temple   | Entered the Ecumenical Temple
  3902 | Temple   | Became a worshipper of Gozag Ym Sagoz the Greedy
  3947 | D:4      | Reached skill level 5 in Necromancy
  3964 | D:4      | Reached skill level 5 in Spellcasting
  4080 | D:4      | Identified the +12 falchion of Fear {vorpal, Int+2 Dex+4}
  4117 | D:4      | Noticed a steam dragon
  4122 | D:4      | Engulfed by a steam dragon's steam

Illustrated notes

Levels and vault maps discovered:
D:1:      wheals_arrival_linesprint, layout_loops_ring, minmay_tetromino_o2
D:2:      layout_basic
D:3:      layout_loops_cross, lemuel_crystal_altar,
          hellmonk_ecumenical_altar_leap_of_faith
D:4:      layout_basic, dancing_weapons_uskayaw, minmay_temple_entry_slanted,
          nicolae_elevator_lobby_plus, uniq_duvessa, uniq_eustachio
Temple:   oiseaux_autumnal_temple

Skill      XL: |  1  2  3  4  5 |
---------------+----------------+-----
Spellcasting   | 3 4 5 |  5.0
Fighting       | 1 2 |  2.5
Necromancy     | 5 |  5.1
Dodging        | |  1.7
Stealth        | |  1.7

Action                   |  1- 3 |  4- 6 || total
-------------------------+-------+-------++-------
Melee: Unarmed           |    13 |     3 ||    16
 Cast: Pain              |    81 |    53 ||   134
       Vampiric Draining |       |     1 ||     1
Evoke: Wand              |       |     1 ||     1
  Use: Scroll            |       |     5 ||     5
Armor: Robe              |     1 |     6 ||     7
Dodge: Dodged            |     9 |    21 ||    30
